 Dungeon Crawl Stone Soup version 0.20.0-9-g8272e65 (webtiles) character file.

373066 Kriby the Slayer (level 22, -3/198 HPs)
             Began as a Hill Orc Fighter on June 3, 2017.
             Was a High Priest of Hepliaklqana.
             Slain by Xtahua (9 damage)
             ... on level 5 of the Vaults.
             The game lasted 01:40:14 (47754 turns).

Kriby the Slayer (Hill Orc Fighter)                Turns: 47754, Time: 01:40:14

Health: -3/198     AC: 32    Str: 32    XL:     22   Next: 71%
Magic:  30/30      EV: 24    Int:  4    God:    Hepliaklqana [*****.]
Gold:   2176       SH: 19    Dex: 16    Spells: 21/21 levels left

rFire    + + +     SeeInvis .   x - +8 sacred scourge (holy)
rCold    . . .     Gourm    .   l - +3 shield of Omission {*Contam +Blink rF+ rC+}
rNeg     . . .     Faith    .   Z - +5 fire dragon scales
rPois    .         Spirit   .   c - +1 helmet
rElec    .         Reflect  .   y - +0 cloak {MR+}
rCorr    .         Harm     .   U - +2 pair of gloves {archery}
MR       +++..                  g - +0 pair of boots
Stlth    ..........             R - amulet of regeneration
Regen    0.9/turn               m - +5 ring of evasion
MPRegen  0.3/turn               J - ring "Feupruet" {Str+3 Int-4 Dex+6 Slay+5}

@: about to teleport, marked
A: reduced essence, rugged brown scales 1, magic resistance 1
}: 2/15 runes: barnacled, gossamer
a: Recall Ancestor, Ancestor Identity, Transference, Idealise, Renounce
Religion, Evoke Blink


You were on level 5 of the Vaults.
You worshipped Hepliaklqana.
Hepliaklqana was extremely pleased with you.
You were not hungry.

You visited 6 branches of the dungeon, and saw 35 of its levels.
You also visited: Bailey and Wizlab.

You collected 3574 gold pieces.
You spent 1398 gold pieces at shops.

Inventory:

Hand Weapons
 x - a +8 sacred scourge of holy wrath (weapon)
Missiles
 u - 27 silver javelins
 G - 33 javelins of penetration
 M - 27 poisoned javelins
 P - 21 steel javelins (quivered)
 T - 69 javelins
Armour
 c - a +1 helmet (worn)
 g - a +0 pair of boots (worn)
 l - the +3 shield of Omission (worn) {*Contam +Blink rF+ rC+}
   (You took it off Asterion on level 1 of the Vaults)

   It protects you from fire.
   It protects you from cold.
   It lets you blink.
   It causes magical contamination when unequipped.
 y - a +0 cloak of magic resistance (worn)
 U - a +2 pair of gloves of archery (worn)
 Z - +5 fire dragon scales (worn)
Jewellery
 m - a +5 ring of evasion (left hand)
 t - a +6 ring of intelligence
 v - an uncursed ring of poison resistance
 z - an uncursed ring of protection from magic
 D - an uncursed ring of protection from cold
 I - an uncursed ring of resist corrosion
 J - the ring "Feupruet" (right hand) {Str+3 Int-4 Dex+6 Slay+5}
   (You found it on level 4 of the Shoals)

   [ring of strength]

   It affects your strength (+3).
   It affects your intelligence (-4).
   It affects your dexterity (+6).
   It affects your accuracy and damage with ranged weapons and melee attacks
   (+5).
 R - an amulet of regeneration (around neck)
 Y - the amulet "Lubiaxt" {*Corrode +Rage rElec rN++ SInv}
   (You found it on level 4 of the Shoals)

   [amulet of rage]

   It insulates you from electricity.
   It greatly protects you from negative energy.
   It lets you see invisible.
   It lets you go berserk.
   It may corrode you when you take damage.
Wands
 k - a wand of acid (10/15)
 Q - a wand of acid (1/15)
 S - a wand of digging (12/24)
 V - a wand of clouds (1/9)
 W - a wand of acid (8/15)
Scrolls
 d - 4 scrolls of amnesia
 j - a scroll of identify
 n - 9 scrolls of teleportation
 r - 15 scrolls of remove curse
 w - 2 scrolls of blinking
 C - 3 scrolls of magic mapping
 F - 2 scrolls of recharging
 O - 3 scrolls of fog
Potions
 b - a potion of resistance
 e - 5 potions of mutation
 p - 4 potions of flight
 H - 10 potions of curing
 K - 4 potions of magic
 L - 4 potions of cancellation
Miscellaneous
 o - 2 phantom mirrors
 X - a lamp of fire
Comestibles
 f - 8 bread rations
 h - 8 fruits
 i - 9 royal jellies
 q - 9 chunks of flesh
 A - 12 meat rations


   Skills:
 + Level 21.0 Fighting
   Level 20.4(21.1) Axes
 * Level 8.5(14.2) Maces & Flails
 - Level 20.4 Armour
 - Level 11.9 Dodging
 - Level 16.9 Shields
 - Level 11.4 Invocations
 - Level 6.3 Evocations


You had 21 spell levels left.
You didn't know any spells.

Dungeon Overview and Level Annotations

Branches:
Dungeon (14/15)            Temple (0/1) D:4            Lair (6/6) D:8
 Shoals (4/4) Lair:3       Spider (4/4) Lair:3          Orc (2/2) D:9
    Elf (0/3) Orc:2        Vaults (5/5) D:14          Crypt (0/3) Vaults:3
  Slime: Lair:5-6

Altars:
Ashenzari
Gozag
Hepliaklqana
Kikubaaqudgha
Makhleb
Nemelex Xobeh
Uskayaw
Xom
Yredelemnul
Beogh

Shops:
D:7 *%   D:14 =   Orc:2 %[(*   Vaults:3 *

Annotations:
D:12 1 runed door
Lair:1 exclusion: downstairs
Lair:2 exclusion: oklob plant
Lair:5 exclusion: oklob plant
Vaults:5 Xtahua


Innate Abilities, Weirdness & Mutations

Your life essence is reduced. (-10% HP)
You are partially covered in rugged brown scales. (AC +1, +3% HP)
You are resistant to hostile enchantments. (MR+)


Message History

A wolf spider comes into view.
You whack Xtahua!
Xtahua is moderately wounded.
The tengu reaver mumbles some strange words.
The tengu reaver conjures a globe of magical energy!
The wolf spider moves out of view.
You block Xtahua's attack. Xtahua claws you but does no damage.
You block Xtahua's attack.
A battlesphere comes into view.
You thrash Xtahua!!
Xtahua is heavily wounded.
The brown very ugly thing headbutts you!!
You are splashed with acid!
The acid burns!
* * * LOW HITPOINT WARNING * * *
As you read the scroll of teleportation, it crumbles to dust.
You feel strangely unstable.
The frost giant points at you and mumbles some strange words.
The bolt of cold hits you!
* * * LOW HITPOINT WARNING * * *
You block Xtahua's attack. Xtahua claws you!
You die...

#...C# #....#..#....##
#.... #....#..#.....#
#....# #....#.........
#.... #....#........
.##...D#####....#.....####
......(...s#....#.........
...c.*)Q(§H...............
##########C.*.....########
........@uQ..............
.........D...............
#########################


You could see Xtahua, a frost giant, a brown very ugly thing, a sphinx, a tengu
reaver, a wolf spider and a battlesphere.

Vanquished Creatures
  Mara (Vaults:2)
  Mennas (Vaults:4)
  An ancient lich (WizLab)
  Sojobo (Vaults:2)
  Frederick (Vaults:3)
  Saint Roka (Orc:2)
  A golden dragon (Vaults:5)
  Jory (Vaults:3)
  Asterion (Vaults:1)
  3 tengu reavers
  Aizul (Vaults:4)
  A fire giant (Vaults:3)
  12 vault wardens
  3 frost giants
  A ghost moth (Spider:4)
  6 ironheart preservers
  4 emperor scorpions
  A war gargoyle (Vaults:5)
  5 stone giants
  4 very ugly things
  2 entropy weavers
  4 spark wasps
  8 merfolk javelineers
  Snorg (D:11)
  3 ettins
  A deep elf death mage (Vaults:1)
  A crystal guardian (Vaults:5)
  3 fire dragons
  5 merfolk impalers
  23 vault guards
  9 yaktaur captains
  2 great orbs of eyes
  A deep elf high priest (Vaults:5)
  5 ogre magi
  A catoblepas (Lair:4)
  Harold (Lair:1)
  4 ice dragons
  The ghost of siprus the Agent of Entropy, a journeyman DsAK of Lugonu (Lair:1)
  A hydra (Lair:3)
  2 death knights
  6 centaur warriors
  The ghost of Unholydonuts the Cleaver, a novice MiBe of Trog (Bailey)
  8 merfolk aquamancers
  3 alligator snapping turtles (Shoals:4)
  2 merfolk avatars
  14 two-headed ogres
  5 death yaks
  4 death scarabs (Spider:4)
  2 tengu warriors (D:14)
  2 deep troll earth magi
  4 deep elf knights
  2 orc high priests (Orc:2)
  2 fire crabs (shapeshifter)
  A skeletal warrior (Vaults:4)
  A shadow wraith (Vaults:5)
  14 sea snakes
  An unseen horror (D:12)
  4 wizards
  3 spectral wolf spiders (Spider:4)
  7 deep trolls
  A glowing orange brain (Vaults:4)
  A flayed ghost (Vaults:3)
  A shadow dragon zombie (WizLab)
  16 ironbrand convokers
  A deep elf archer (Vaults:1)
  20 harpies
  12 orc knights
  2 wolf spider zombies (Spider:4)
  7 orb spiders
  2 necromancers (Vaults:1)
  4 phantasmal warriors
  2 frost giant zombies (WizLab)
  12 deep elf magi
  22 ugly things
  2 lindwurms
  A tengu skeleton (Vaults:1)
  8 fauns
  2 orc sorcerers
  26 wolf spiders
  7 manticores
  Maurice (D:10)
  15 slime creatures
  6 cyclopes
  2 moths of wrath (Spider:4)
  An elephant (Lair:6)
  4 black mambas
  2 guardian serpents (shapeshifter)
  11 vault sentinels
  8 merfolk sirens
  2 torpor snails
  A demonspawn zombie (WizLab)
  2 molten gargoyles (Lair:6)
  2 gargoyles (D:13)
  A human skeleton (Vaults:1)
  4 water nymphs (Shoals:4)
  9 spiny frogs
  3 centaur zombies
  12 komodo dragons
  5 freezing wraiths
  2 guardian mummies (WizLab)
  A kobold demonologist (D:13)
  17 yaktaurs
  6 demonic crawlers
  27 jumping spiders
  4 trolls
  A polar bear (Lair:6)
  4 wind drakes
  A hornet (shapeshifter) (Vaults:2)
  3 spectral jumping spiders (Spider:4)
  2 spectral tarantellas (Spider:4)
  A tarantella zombie (Spider:4)
  19 merfolk
  7 hornets
  A shadow dragon simulacrum (Vaults:3)
  6 snapping turtles
  5 dream sheep
  A jumping spider zombie (Spider:4)
  8 hippogriffs
  A fire dragon zombie (WizLab)
  A deep troll zombie (WizLab)
  53 redbacks
  32 tarantellas
  9 water elementals
  3 wraiths
  5 wyverns
  A human (D:11)
  Grum (D:9)
  29 yaks
  3 hogs (D:11)
  2 hungry ghosts
  4 basilisks
  2 steam dragons (Lair:6)
  4 vampire mosquitoes (D:13)
  3 wargs
  2 acid dragons
  12 water moccasins
  5 hell hounds (Lair:6)
  A soldier ant (shapeshifter) (Vaults:4)
  A floating eye (shapeshifter) (Vaults:4)
  10 porcupines
  A spectral hornet (Spider:4)
  50 orc warriors
  4 ice beasts
  2 sky beasts
  An ettin simulacrum (Vaults:3)
  A black bear (shapeshifter) (Vaults:1)
  3 hornet zombies
  A necrophage (D:6)
  A phantom (D:14)
  27 wolves
  12 ogres
  21 centaurs
  13 crocodiles
  2 big kobolds
  16 bullfrogs
  2 wyvern zombies
  A wyvern skeleton (D:11)
  5 scorpions
  7 wights
  10 killer bees
  3 howler monkeys
  3 electric eels
  3 crimson imps
  4 lava snakes (Lair:6)
  A bullfrog zombie (D:12)
  2 human simulacra (Vaults:1)
  2 centaur skeletons
  2 bullfrog skeletons
  6 hounds
  4 jellies
  22 orc priests
  33 orc wizards
  4 iguanas
  Terence (D:3)
  10 worker ants
  A hell rat (D:8)
  2 hound skeletons
  A howler monkey zombie (D:8)
  13 gnolls (Bailey)
  A howler monkey skeleton (D:8)
  A river rat (D:8)
  12 adders
  3 shadow imps
  A white imp (Vaults:2)
  An ooze (D:3)
  An adder zombie (D:5)
  An adder skeleton (D:5)
  4 worms
  6 dart slugs
  4 leopard geckos
  131 orcs
  5 giant cockroaches
  4 goblins
  17 hobgoblins
  15 jackals
  20 kobolds
  5 quokkas
  8 bats
  7 frilled lizards
  A leopard gecko skeleton (D:4)
  A leopard gecko zombie (D:5)
  10 rats
  2 bushes (Shoals:1)
  4 fungi
  17 plants
1333 creatures vanquished.

Vanquished Creatures (collateral kills)
  Boris (Vaults:4)
  Jorgrun (Vaults:2)
  A titan (Vaults:5)
  A sphinx (Vaults:4)
  Ilsuiw (Shoals:4)
  A frost giant (Vaults:5)
  A deep elf sorcerer (Vaults:1)
  2 emperor scorpions (Spider:4)
  A vault warden (Vaults:5)
  2 ironheart preservers
  A ghoul (Vaults:4)
  3 stone giants
  A deep elf annihilator (Vaults:1)
  2 deep elf demonologists
  5 merfolk javelineers (Shoals:4)
  A mummy priest (WizLab)
  2 yaktaur captains
  4 merfolk impalers
  7 vault guards
  3 ogre magi
  A fire dragon (Lair:6)
  9 hydras
  An ice dragon (Vaults:2)
  2 merfolk avatars
  A death yak (Lair:5)
  2 satyrs
  A merfolk aquamancer (Shoals:4)
  4 death scarabs (Spider:4)
  The ghost of Darkell the Thaumaturge, a journeyman DsIE of Kikubaaqudgha (Lair:1)
  4 two-headed ogres
  2 deep elf knights
  A skeletal warrior (D:14)
  A shadow wraith (Vaults:4)
  An unseen horror (D:10)
  6 sea snakes
  A wizard (Vaults:3)
  A deep elf archer (Vaults:4)
  3 ironbrand convokers
  An orc knight (Orc:2)
  A phantasmal warrior (D:14)
  An iron dragon zombie (WizLab)
  A spectral wolf spider (Spider:4)
  A wolf spider zombie (Spider:4)
  A harpy (shapeshifter) (Vaults:2)
  8 harpies
  5 orb spiders
  An orc sorcerer (Orc:2)
  6 ugly things
  A cyclops (Shoals:4)
  3 fauns
  A deep elf mage (Vaults:1)
  5 wolf spiders
  A slime creature (D:14)
  A fire giant zombie (WizLab)
  A stone giant zombie (WizLab)
  4 manticores
  7 merfolk sirens
  2 elephants (Lair:6)
  A demonspawn zombie (WizLab)
  A black mamba (Lair:6)
  2 water nymphs
  A spriggan zombie (WizLab)
  A spiny frog (Lair:1)
  A vault sentinel (Vaults:2)
  4 demonic crawlers
  10 yaktaurs
  2 komodo dragons (Lair:3)
  11 jumping spiders
  16 merfolk
  2 jumping spider zombies (Spider:4)
  A spectral jumping spider (Spider:4)
  3 hornets
  Prince Ribbit (D:9)
  A spectral tarantella (Spider:4)
  2 dream sheep
  5 snapping turtles
  3 hippogriffs
  4 water elementals
  4 tarantellas
  19 redbacks
  4 yaks
  3 basilisks
  A warg (Orc:1)
  A hungry ghost (D:12)
  An ogre zombie (Vaults:1)
  A hornet zombie (Spider:4)
  A black bear (D:7)
  2 orc warriors
  2 phantoms
  An ogre (D:6)
  2 human zombies (WizLab)
  9 wolves
  5 crocodiles
  An elf simulacrum (Vaults:1)
  2 bullfrogs
  2 killer bees
  2 electric eels
  4 crimson imps
  A lava snake (Lair:6)
  A human simulacrum (Vaults:1)
  A jelly (D:10)
  2 orc priests (D:9)
  5 orc wizards
  A killer bee zombie (D:6)
  4 adders
  An adder skeleton (D:4)
  20 orcs
  A goblin (D:3)
  3 hobgoblins (Bailey)
  2 jackals
  A ball python (D:3)
  2 bats (D:3)
  2 frilled lizards (D:4)
  A kobold (D:3)
  A leopard gecko zombie (D:5)
  2 rats (D:3)
  A bush (Shoals:1)
  A plant (Shoals:2)
327 creatures vanquished.

Vanquished Creatures (others)
  A vault warden (Vaults:2)
  A merfolk impaler (Shoals:4)
  A shadow wraith (Vaults:4)
  An ugly thing (Vaults:2)
  A molten gargoyle (Lair:6)
  3 yaktaurs
  2 orc wizards (Orc:2)
  25 knights
  2 orcs
  3 fungi
  10 plants
50 creatures vanquished.

Grand Total: 1710 creatures vanquished

Notes
Turn   | Place    | Note
-------+----------+-------------------------------------------
     0 | D:1      | Kriby the Hill Orc Fighter began the quest for the Orb.
     0 | D:1      | Reached XP level 1. HP: 19/19 MP: 1/1
   118 | D:1      | Reached XP level 2. HP: 25/27 MP: 2/2
   369 | D:1      | Reached skill level 4 in Fighting
   678 | D:2      | Reached XP level 3. HP: 25/33 MP: 3/3
  1180 | D:2      | Found a hazy altar of Hepliaklqana.
  1531 | D:2      | Reached XP level 4. HP: 36/41 MP: 4/4
  1773 | D:2      | Became a worshipper of Hepliaklqana the Forgotten
  1936 | D:3      | Reached skill level 5 in Axes
  2016 | D:3      | Reached XP level 5. HP: 42/42 MP: 5/5
  2254 | D:3      | Reached skill level 5 in Fighting
  2442 | D:3      | Noticed Terence
  2452 | D:3      | Killed Terence
  2581 | D:3      | Found a sparkling altar of Nemelex Xobeh.
  2582 | D:3      | Found a shattered altar of Ashenzari.
  2689 | D:4      | Reached XP level 6. HP: 41/50 MP: 6/6
  2937 | D:4      | Found a staircase to the Ecumenical Temple.
  2967 | D:4      | Reached * piety under Hepliaklqana
  3323 | D:5      | Entered Level 5 of the Dungeon
  3541 | D:5      | Reached skill level 6 in Fighting
  3541 | D:5      | Reached XP level 7. HP: 49/56 MP: 7/7
  3780 | D:5      | Found a hide-covered altar of Uskayaw.
  3780 | D:5      | Noticed a dagger
  3780 | D:5      | Noticed a dagger
  4289 | D:5      | Reached ** piety under Hepliaklqana
  4290 | D:5      | Remembered your ancestor Xiao as a knight
  4414 | D:6      | Reached skill level 7 in Fighting
  4414 | D:6      | Reached XP level 8. HP: 64/65 MP: 8/8
  4467 | D:6      | Found a burning altar of Makhleb.
  4481 | D:6      | Reached skill level 10 in Axes
  4666 | D:6      | Reached skill level 8 in Fighting
  4996 | D:6      | Reached XP level 9. HP: 62/73 MP: 9/9
  5311 | D:7      | Reached skill level 9 in Fighting
  5572 | D:7      | Found an opulent altar of Gozag.
  5576 | D:7      | Found Gozag's Platinum Reserve.
  5654 | D:7      | Found Megirhu's Food Boutique.
  6233 | D:5      | Identified a scroll of acquirement
  6309 | D:5      | Gained mutation: You expend magic power (3 MP) to strengthen your wands. [potion of mutation]
  6309 | D:5      | Gained mutation: You are partially covered in iridescent scales. (AC +2) [potion of mutation]
  6853 | D:8      | Noticed a death yak
  6857 | D:8      | Noticed a death yak
  6857 | D:8      | Noticed a death yak
  6875 | D:8      | Killed a death yak
  6875 | D:8      | Reached skill level 10 in Fighting
  6875 | D:8      | Reached XP level 10. HP: 84/84 MP: 10/10
  6884 | D:8      | Killed a death yak
  6884 | D:8      | Reached skill level 15 in Axes
  6902 | D:8      | Reached skill level 11 in Fighting
  7024 | D:8      | Killed a death yak
  7179 | D:8      | Found a staircase to the Lair.
  7383 | D:8      | Reached *** piety under Hepliaklqana
  7572 | Lair:1   | Entered Level 1 of the Lair of Beasts
  7583 | Lair:1   | Noticed siprus's ghost (journeyman DsAK)
  7598 | Lair:1   | Killed siprus's ghost
  7598 | Lair:1   | Reached XP level 11. HP: 8/93 MP: 11/11
  8055 | Lair:1   | Reached skill level 12 in Fighting
  8297 | Lair:1   | Noticed a seven-headed hydra
  8346 | Lair:1   | Noticed Darkell's ghost (journeyman DsIE)
  8363 | Lair:1   | Paralysed by Darkell's ghost for 4 turns
  8363 | Lair:1   | Killed Darkell's ghost
  9762 | D:9      | Noticed Grum
  9772 | D:9      | Killed Grum
 10183 | D:9      | Noticed Prince Ribbit
 10395 | D:9      | Reached skill level 13 in Fighting
 10406 | D:9      | Killed Prince Ribbit
 10570 | D:9      | Got a pair of smoking boots
 10571 | D:9      | Identified the cursed -2 pair of boots of Xom's Benevolence {+Fly} (You found it on level 9 of the Dungeon)
 10716 | D:9      | Reached **** piety under Hepliaklqana
 10998 | D:9      | Found a staircase to the Orcish Mines.
 11138 | D:10     | Entered Level 10 of the Dungeon
 11361 | D:10     | Noticed a two-headed ogre
 11366 | D:10     | Killed a two-headed ogre
 11366 | D:10     | Reached XP level 12. HP: 75/103 MP: 12/12
 11659 | D:10     | Noticed Maurice
 11663 | D:10     | Killed Maurice
 12453 | D:11     | Noticed Snorg
 12464 | D:11     | Killed Snorg
 12556 | D:11     | Found a shimmering altar of Xom.
 12556 | D:11     | Found a shimmering altar of Xom.
 12557 | D:11     | Found a shimmering altar of Xom.
 13150 | D:11     | Reached ***** piety under Hepliaklqana
 13410 | D:12     | Reached skill level 1 in Dodging
 13454 | D:12     | Reached skill level 5 in Shields
 13554 | D:12     | Noticed a two-headed ogre
 13568 | D:12     | Found a flagged portal.
 13586 | D:12     | Killed a two-headed ogre
 13586 | D:12     | Reached skill level 5 in Armour
 13633 | Bailey   | Entered a bailey
 14059 | Bailey   | Noticed Unholydonuts's ghost (novice MiBe)
 14082 | Bailey   | Killed Unholydonuts's ghost
 14082 | Bailey   | Reached skill level 14 in Fighting
 14520 | D:12     | Found a runed door.
 14522 | D:12     | Noticed a fire dragon
 15262 | D:12     | Noticed a two-headed ogre
 15266 | D:12     | Noticed a two-headed ogre
 15267 | D:12     | Killed a two-headed ogre
 15267 | D:12     | Reached XP level 13. HP: 111/111 MP: 13/13
 15699 | D:12     | Found a runed door.
 15701 | D:12     | Noticed an ice dragon
 15702 | D:12     | Noticed an ice dragon
 15702 | D:12     | Noticed a fire dragon
 16404 | Orc:1    | Entered Level 1 of the Orcish Mines
 16543 | Orc:2    | Entered Level 2 of the Orcish Mines
 16660 | Orc:2    | Found a staircase to the Elven Halls.
 16662 | Orc:2    | Found a roughly hewn altar of Beogh.
 16792 | Orc:2    | Noticed Saint Roka
 16801 | Orc:2    | Reached XP level 14. HP: 104/119 MP: 14/14
 17521 | Orc:2    | Paralysed by an orc sorcerer for 5 turns
 17546 | Orc:2    | Killed Saint Roka
 18073 | Orc:2    | Found Imuonut's Antique Armour Emporium.
 18075 | Orc:2    | Found a roughly hewn altar of Beogh.
 18078 | Orc:2    | Found Uwyh's Antique Weapon Shoppe.
 18095 | Orc:2    | Bought a runed glaive for 256 gold pieces
 18245 | Orc:2    | Found a runed door.
 18283 | Orc:2    | Found a roughly hewn altar of Beogh.
 18284 | Orc:2    | Found Puinu's Assorted Antiques.
 18310 | Orc:2    | Bought a potion of might for 112 gold pieces
 18310 | Orc:2    | Bought 2 scrolls of recharging for 532 gold pieces
 18310 | Orc:2    | Bought a scroll of remove curse for 84 gold pieces
 18310 | Orc:2    | Bought a scroll of identify for 56 gold pieces
 18310 | Orc:2    | Bought a potion of haste for 280 gold pieces
 18335 | Orc:2    | Found a roughly hewn altar of Beogh.
 18550 | Orc:2    | Found a roughly hewn altar of Beogh.
 18602 | Orc:2    | Found Qibal's Food Emporium.
 18699 | Orc:2    | Found a roughly hewn altar of Beogh.
 18910 | Orc:2    | Found a roughly hewn altar of Beogh.
 19067 | Orc:1    | Found a roughly hewn altar of Beogh.
 19323 | Lair:1   | Noticed Harold
 19337 | Lair:1   | Killed Harold
 20467 | Lair:3   | Found an ancient bone altar of Kikubaaqudgha.
 20680 | Lair:3   | Lost mutation: You are partially covered in iridescent scales. (AC +2) [potion of mutation]
 20680 | Lair:3   | Lost mutation: You expend magic power (3 MP) to strengthen your wands. [potion of mutation]
 20680 | Lair:3   | Gained mutation: You are resistant to hostile enchantments. (MR+) [potion of mutation]
 20680 | Lair:3   | Gained mutation: You are partially covered in rugged brown scales. (AC +1, +3% HP) [potion of mutation]
 20965 | Lair:3   | Reached XP level 15. HP: 122/129 MP: 18/18
 20979 | Lair:3   | Found a staircase to the Shoals.
 21270 | Lair:3   | Found a hole to the Spider Nest.
 21492 | Lair:4   | Reached skill level 5 in Invocations
 21774 | Lair:4   | Reached skill level 15 in Fighting
 21774 | Lair:4   | Reached skill level 10 in Shields
 22211 | Lair:4   | Reached skill level 10 in Armour
 22396 | Lair:4   | Found a runed door.
 22736 | Lair:5   | Reached skill level 5 in Dodging
 23424 | Lair:6   | Entered Level 6 of the Lair of Beasts
 23909 | Lair:6   | Identified the cursed +1 whip of Fuleq {slash, rPois rF- Str+4 Int+6} (You found it on level 6 of the Lair of Beasts)
 24461 | Lair:6   | Found a large runed door.
 24472 | Lair:6   | Found a large runed door.
 25170 | Spider:1 | Entered Level 1 of the Spider Nest
 25818 | Spider:1 | Reached XP level 16. HP: 133/138 MP: 21/21
 27401 | Spider:2 | Reached skill level 16 in Fighting
 28299 | Spider:3 | Reached ****** piety under Hepliaklqana
 28622 | Spider:4 | Entered Level 4 of the Spider Nest
 28641 | Spider:3 | HP: 5/140 [demonic crawler (6)]
 29533 | Spider:4 | Reached XP level 17. HP: 134/147 MP: 22/22
 31651 | Spider:4 | Got a gossamer rune of Zot
 31876 | Shoals:1 | Entered Level 1 of the Shoals
 32803 | Shoals:2 | Reached skill level 17 in Fighting
 33060 | Shoals:2 | Reached skill level 15 in Shields
 33142 | Shoals:2 | Reached XP level 18. HP: 157/157 MP: 24/24
 34239 | Shoals:3 | Reached skill level 15 in Armour
 34843 | Shoals:4 | Entered Level 4 of the Shoals
 34881 | Shoals:4 | Noticed Ilsuiw
 34901 | Shoals:4 | Killed Ilsuiw
 35217 | Shoals:4 | Got a barnacled rune of Zot
 36467 | Shoals:4 | Reached XP level 19. HP: 150/166 MP: 26/26
 36557 | Shoals:4 | Reached skill level 10 in Invocations
 36928 | Shoals:4 | Got a steaming glass ring
 36929 | Shoals:4 | Identified the ring "Feupruet" {Str+3 Int-4 Dex+6 Slay+5} (You found it on level 4 of the Shoals)
 37113 | Shoals:4 | Got a sparkling sapphire amulet
 37114 | Shoals:4 | Identified the amulet "Lubiaxt" {*Corrode +Rage rElec rN++ SInv} (You found it on level 4 of the Shoals)
 37958 | D:13     | Reached skill level 18 in Fighting
 38256 | D:14     | Found Bor Ises's Jewellery Shoppe.
 38269 | D:14     | Found a hide-covered altar of Uskayaw.
 38549 | D:14     | Found a gate to the Vaults.
 39189 | Vaults:1 | Entered Level 1 of the Vaults
 39834 | Vaults:1 | Noticed Asterion
 39848 | Vaults:1 | Killed Asterion
 39921 | Vaults:1 | Identified the +3 shield of Omission {*Contam +Blink rF+ rC+} (You took it off Asterion on level 1 of the Vaults)
 40030 | Vaults:1 | Reached skill level 1 in Evocations
 40354 | Vaults:1 | Reached XP level 20. HP: 175/175 MP: 28/28
 40370 | Vaults:1 | Noticed a Tzitzimitl
 40640 | Vaults:1 | Identified the +5 morningstar "Concordance" {crush, rPois Str+5 Dex-2 Stlth+} (You found it on level 1 of the Vaults)
 40865 | Vaults:2 | Noticed Jorgrun
 40932 | Vaults:2 | Killed Jorgrun
 40932 | Vaults:2 | Reached skill level 10 in Dodging
 40971 | Vaults:2 | Noticed Mara
 40975 | Vaults:2 | Noticed Kriby's illusion
 41005 | Vaults:2 | Noticed Kriby's illusion
 41007 | Vaults:2 | Killed Mara
 41547 | Vaults:2 | Noticed Sojobo
 41577 | Vaults:2 | Reached skill level 19 in Fighting
 42095 | Vaults:2 | Killed Sojobo
 42497 | Vaults:3 | Reached skill level 5 in Evocations
 42524 | Vaults:3 | Noticed Jory
 42557 | Vaults:3 | Killed Jory
 42810 | Vaults:3 | Noticed Frederick
 42829 | Vaults:3 | Killed Frederick
 42980 | Vaults:3 | Reached XP level 21. HP: 184/184 MP: 29/29
 43120 | Vaults:3 | Found a staircase to the Crypt.
 43120 | Vaults:3 | Found a basalt altar of Yredelemnul.
 43121 | Vaults:3 | Found an ancient bone altar of Kikubaaqudgha.
 43871 | Vaults:3 | Found Mipn's Assorted Antiques.
 43879 | Vaults:3 | Bought a scroll of teleportation for 78 gold pieces
 44110 | Vaults:4 | Found a magical portal.
 44116 | Vaults:4 | Noticed Boris
 44122 | WizLab   | Entered Doroklohe's Tomb
 44359 | WizLab   | Noticed an ancient lich
 44379 | WizLab   | HP: 6/186 [Tzitzimitl/bolt of cold[an ancient lich] (32)]
 44380 | WizLab   | Killed an ancient lich
 44695 | WizLab   | Identified the +1 scale mail "Giys" {-Tele rF+ MR++ Regen+} (You found it in a wizard's laboratory)
 44757 | Vaults:4 | Killed Boris
 45022 | Vaults:4 | Noticed Aizul
 45035 | Vaults:4 | Killed Aizul
 45035 | Vaults:4 | Reached skill level 20 in Fighting
 45349 | Vaults:4 | Noticed Mennas
 45793 | Vaults:4 | Paralysed by a floating eye for 3 turns
 45945 | Vaults:4 | Reached XP level 22. HP: 194/194 MP: 30/30
 46043 | Vaults:4 | Killed Mennas
 46604 | Vaults:4 | Reached skill level 1 in Maces & Flails
 47020 | Vaults:5 | Entered Level 5 of the Vaults
 47291 | Vaults:5 | Reached skill level 5 in Maces & Flails
 47418 | Vaults:5 | Noticed a golden dragon
 47436 | Vaults:5 | Killed a golden dragon
 47695 | Vaults:5 | Noticed Xtahua
 47737 | Vaults:5 | Reached skill level 21 in Fighting
 47754 | Vaults:5 | HP: 6/198 [frost giant/bolt of cold (53)]
 47754 | Vaults:5 | Slain by Xtahua

Skill      XL: |  1  2  3  4  5  6  7  8  9 10 11 12 13 14 15 16 17 18 19 20 21 22 |
---------------+-------------------------------------------------------------------+-----
Axes           | 3 4 5 6 8 9 11 14 16 18 19 20 | 20.4
Fighting       | 4 5 6 7 8 10 11 13 14 15 16 17 18 19 20 21 | 21.0
Shields        | 6 7 9 11 13 15 16 | 16.9
Armour         | 6 7 9 11 13 14 15 17 18 20 | 20.4
Dodging        | 2 3 4 5 7 8 9 10 11 | 11.9
Invocations    | 4 7 8 9 11 | 11.4
Evocations     | 2 5 6 |  6.3
Maces & Flails | 8 |  8.5

Action                   |  1- 3 |  4- 6 |  7- 9 | 10-12 | 13-15 | 16-18 | 19-21 | 22-24 || total
-------------------------+-------+-------+-------+-------+-------+-------+-------+-------++-------
Melee: War axe           |   120 |   174 |   286 |       |       |       |       |       ||   580
       Broad axe         |       |       |    42 |   561 |   831 |  1501 |  1288 |    64 ||  4287
       Sacred scourge    |       |       |       |       |       |       |       |   252 ||   252
Throw: Javelin           |       |       |       |       |       |       |     2 |       ||     2
Invok: Ancestor Identity |       |     1 |       |       |       |       |       |       ||     1
       Ancestor Life: Kn |       |       |     1 |       |       |       |       |       ||     1
       Recall Ancestor   |       |       |       |     2 |     3 |     1 |     2 |       ||     8
       Idealise          |       |       |       |       |     9 |     7 |     6 |     3 ||    25
 Abil: Evoke Berserk Rag |       |       |       |       |       |       |     1 |     1 ||     2
Evoke: Wand              |       |       |     5 |       |    28 |     1 |    10 |       ||    44
  Use: Scroll            |       |    11 |     2 |     4 |    16 |    10 |    24 |     7 ||    74
       Potion            |       |       |    13 |     9 |    10 |    14 |     8 |       ||    54
 Stab: Distracted        |       |     1 |       |     1 |     6 |     8 |    19 |     4 ||    39
       Invisible         |       |       |       |    10 |       |       |       |       ||    10
       Petrified         |       |       |       |       |     4 |       |       |       ||     4
  Eat: Chunk             |     2 |     7 |    12 |    26 |    29 |    27 |    28 |     2 ||   133
       Fruit             |       |       |       |       |     2 |       |       |     1 ||     3
       Bread ration      |       |       |       |       |     1 |     2 |     1 |     1 ||     5
Armor: Scale mail        |    60 |    79 |   109 |   169 |   284 |       |       |       ||   701
       Fire dragon scale |       |       |       |       |    42 |   655 |   231 |    73 ||  1001
Dodge: Dodged            |    39 |    52 |    84 |   130 |   280 |   787 |   471 |   111 ||  1954
Block: Shield            |    53 |    84 |   126 |   214 |   438 |  1004 |   835 |   212 ||  2966
